Cogmind - Beta 13 @@@ ROGUE MODE // 2024.04.15 @ 17:06:11 Player: luckinvolved Result: Self-destructed Performance ------------- Evolutions (1) 500 Regions Visited (3) 600 Robots Destroyed (7) 35 Value Destroyed (80) 80 Prototype IDs (1) 20 Alien Tech Used (0) 0 Bonus (188) 188 TOTAL SCORE: 1423 Bonus ------- Pacifist 200 Friendly Fire -12 Cogmind --------- Core Integrity 274/400 Matter 0/300 Energy 122/125 System Corruption 0% Temperature Cool (0) Movement Flying (117) Ox1 Location -9/Materials Parts ------- > --- POWER (1) -------- Light Ion Engine > --- PROPULSION (2) --- Flight Unit Flight Unit > --- UTILITY (4) ------ Targeting Computer Targeting Computer > --- WEAPON (2) ------- Improved Medium Laser Grenade Launcher > --- INVENTORY (5) ---- Flight Unit Peak State ------------ > --- POWER ------------ Light Ion Engine > --- PROPULSION ------- Flight Unit Flight Unit > --- UTILITY ---------- Targeting Computer Targeting Computer > --- WEAPON ----------- Improved Medium Laser Grenade Launcher > --- INVENTORY -------- Flight Unit [Rating: 9] Favorites ----------- Power Light Ion Engine Engine Light Ion Engine Propulsion Flight Unit Flight Unit Flight Unit Utility Targeting Computer Processor Targeting Computer Weapon Grenade Launcher Energy Gun Improved Medium Laser Launcher Grenade Launcher Build | -11 -10 -10 -9 ------- Run | Yrd Mat Min Mat Slots Evolved 2 | . . . 2 Power . | . . . . Propulsion . | . . . . Utility 2 | . . . 2 Weapon . | . . . . Parts Attached 9 | . 1 . 8 Power 1 | . . . 1 Engine 1 | . . . 1 Core . | . . . . Reactor . | . . . . Propulsion 3 | . . . 3 Treads . | . . . . Leg . | . . . . Wheel . | . . . . Hover . | . . . . Flight 3 | . . . 3 Utility 3 | . 1 . 2 Device . | . . . . Storage . | . . . . Processor 3 | . 1 . 2 Hackware . | . . . . Protection . | . . . . Artifact . | . . . . Weapon 2 | . . . 2 Energy Gun 1 | . . . 1 Energy Cannon . | . . . . Ballistic Gun . | . . . . Ballistic Cannon . | . . . . Launcher 1 | . . . 1 Special Weapon . | . . . . Impact Weapon . | . . . . Slashing Weapon . | . . . . Piercing Weapon . | . . . . Special Melee Weapon . | . . . . Unidentified Prototypes 1 | . . . 1 Parts Lost 2 | . 1 . 1 Power . | . . . . Propulsion 1 | . . . 1 Utility 1 | . 1 . . Weapon . | . . . . Highest Loss Streak 1 | . 1 . 1 To Critical Strikes . | . . . . Average Slot Usage (%) 31 | . 8 . 41 Engine 4 | . . . 7 Flight 8 | . . . 11 Processor 12 | . 8 . 14 Launcher 6 | . . . 8 Naked Turns 70 | . 21 18 31 Heaviest Build 9 | . . . 9 Greatest Support 8 | 3 3 3 8 Greatest Overweight (x) 1 | . . . 1 Average Overweight (x) . | . . . . Largest Inventory Capacity 5 | 5 5 5 5 Average Capacity 5 | 5 5 5 5 Most Carried 1 | . . . 1 Average Carried . | . . . . Final Capacity 5 | 5 5 5 5 Final Carried 1 | . . . 1 Class Distribution -------------------- 100% | Mutant Dominant Class ---------------- Mutant | -10/Materials Mutant | -10/Mines Mutant | -9/Materials Resources | -11 -10 -10 -9 ----------- Run | Yrd Mat Min Mat Matter Collected 20 | . . . 20 Remotely . | . . . . Salvage Created 32 | . . . 32 Parts 12 | . . . 12 Haulers Intercepted . | . . . . Recyclers Shooed . | . . . . Parts Field Recycled . | . . . . Retrieved Matter . | . . . . Parts Self-Destructed . | . . . . Prevented . | . . . . Kills | -11 -10 -10 -9 ------- Run | Yrd Mat Min Mat Combat Hostiles Destroyed 7 | . . . 7 AOE 7 | . . . 7 Classes Destroyed 1 | . . . 1 Swarmer 7 | . . . 7 Best Kill Streak 4 | . . . 4 Combat Bots Only 4 | . . . 4 Max Kills in Single Turn 3 | . . . 3 Gunslinging . | . . . . Exploded 3 | . . . 3 Melee . | . . . . Uniques/NPCs Destroyed . | . . . . Combat | -11 -10 -10 -9 -------- Run | Yrd Mat Min Mat Hostile Shots Fired 42 | . 8 2 32 Missed 18 | . 6 . 12 Damage Taken 201 | . 18 28 155 Core 162 | . 8 28 126 Absorbed by Shields . | . . . . Core Remaining (%) 92 | 100 . 85 . Volleys Fired 4 | . . . 4 Largest 1 | . . . 1 Hottest 30 | . . . 30 Shots Fired 4 | . . . 4 Gun . | . . . . Cannon . | . . . . Launcher 4 | . . . 4 Special . | . . . . Kinetic . | . . . . Thermal . | . . . . Explosive 4 | . . . 4 Electromagnetic . | . . . . Robot Hit Streak . | . . . . Robot Miss Streak 4 | . . . 4 Penetration Max . | . . . . Secondary Targets . | . . . . Shots Hit Robots . | . . . . Core Hits 8 | . . . 8 Critical Kills . | . . . . Critical Parts Destroyed . | . . . . Critical Strikes . | . . . . Melee Attacks . | . . . . Impact . | . . . . Slashing . | . . . . Piercing . | . . . . Sneak Attacks . | . . . . Combat Hostiles . | . . . . Follow-up Attacks . | . . . . Damage Inflicted 238 | . . . 238 Guns . | . . . . Cannons . | . . . . Explosions 238 | . . . 238 Melee . | . . . . Ramming . | . . . . Kinetic . | . . . . Thermal . | . . . . Explosive 238 | . . . 238 Electromagnetic . | . . . . Impact . | . . . . Slashing . | . . . . Piercing . | . . . . Highest Corruption . | . . . . Average Corruption . | . . . . Corruption Purged . | . . . . Corruption Blocked . | . . . . Overload Shots . | . . . . Overflow Damage 8 | . . . 8 Projectiles . | . . . . Explosions 8 | . . . 8 Melee . | . . . . Knockbacks . | . . . . Impact . | . . . . Kinetic . | . . . . Secondary . | . . . . Self-Inflicted Damage 1 | . . . 1 Shots 1 | . . . 1 Rammed . | . . . . Targets Rammed . | . . . . Kicked . | . . . . Crushed . | . . . . Highest Temperature 2 | . . . 2 Average Temperature 2 | . . . 2 Received Heat Transfer 15 | . . 15 . Siege Activations . | . . . . Robots Corrupted . | . . . . Combat Hostiles . | . . . . Parts Fried . | . . . . Impact Corruptions . | . . . . Robots Melted . | . . . . Combat Hostiles . | . . . . Parts Melted . | . . . . Heat Transferred . | . . . . Parts Sabotaged . | . . . . Parts Stolen . | . . . . Parts Stripped . | . . . . Power Chain Reactions . | . . . . Alert | -11 -10 -10 -9 ------- Run | Yrd Mat Min Mat Peak Influence 210 | . 15 1 210 Initial 1 | . . 1 . Average 90 | . 2 1 141 Maximum Alert Level 1 | . . . 1 Low Security (%) 68 | 100 100 100 50 Level 1 31 | . . . 49 Level 2 . | . . . . Level 3 . | . . . . Level 4 . | . . . . Level 5 . | . . . . High Security . | . . . . Max Security . | . . . . Squads Dispatched 1 | . 1 . . Investigation 1 | . 1 . . Extermination . | . . . . Reinforcement . | . . . . Assault . | . . . . Garrison . | . . . . Intercept . | . . . . Searches Triggered . | . . . . Construction Impeded . | . . . . Haulers Reinforced . | . . . . Active Scanning Responses . | . . . . Cargo Convoy Interrupts . | . . . . Stealth | -11 -10 -10 -9 --------- Run | Yrd Mat Min Mat Distress Signals 1 | . 1 . . Communications Jammed . | . . . . Distress Signals . | . . . . Times Spotted 14 | . 4 2 8 Peak Tracking Total 5 | . 4 . 5 Tactical Retreats 1 | . . . 1 Traps | -11 -10 -10 -9 ------- Run | Yrd Mat Min Mat Traps Triggered . | . . . . Indirectly . | . . . . Trap Hack Attempts . | . . . . Triggered . | . . . . Disarmed . | . . . . Reprogrammed . | . . . . Reused . | . . . . Traps Extracted . | . . . . Installed . | . . . . Triggered . | . . . . Machines | -11 -10 -10 -9 ---------- Run | Yrd Mat Min Mat Machines Disabled 1 | . . . 1 Max in Single Turn 1 | . . . 1 Machines Repaired . | . . . . Machines Dismantled . | . . . . Machines Sabotaged . | . . . . Overloaded Fab Kills . | . . . . Hacking | -11 -10 -10 -9 --------- Run | Yrd Mat Min Mat Machines Accessed 2 | . 1 . 1 Terminals 2 | . 1 . 1 Fabricators . | . . . . Repair Stations . | . . . . Recycling Units . | . . . . Scanalyzers . | . . . . Garrison Access . | . . . . Total Hacks 5 | . 2 . 3 Successful 1 | . . . 1 Failed 4 | . 2 . 2 Catastrophic . | . . . . Database Lockouts . | . . . . Manual 7 | . 4 . 3 Terminals 5 | . 2 . 3 Fabricators . | . . . . Repair Stations . | . . . . Recycling Units . | . . . . Scanalyzers . | . . . . Garrison Access . | . . . . Terminal Hacks . | . . . . Fabricator Hacks . | . . . . Repair Station Hacks . | . . . . Recycling Unit Hacks . | . . . . Scanalyzer . | . . . . Garrison Access Hacks . | . . . . Unauthorized Hacks 1 | . . . 1 Terminals 1 | . . . 1 Assimilate 1 | . . . 1 Fabricators . | . . . . Repair Stations . | . . . . Recycling Units . | . . . . Scanalyzers . | . . . . Garrison Access . | . . . . Data Cores Recovered . | . . . . Used . | . . . . Hacking Detections 2 | . 1 . 1 Full Trace Events 1 | . 1 . . Feedback Events . | . . . . Feedback Blocked . | . . . . Robot Schematics Acquired . | . . . . Robots Built . | . . . . Authchips . | . . . . Time . | . . . . Total Robot Build Rating . | . . . . Part Schematics Acquired . | . . . . Parts Built . | . . . . Authchips . | . . . . Time . | . . . . Total Part Build Rating . | . . . . Parts Repaired . | . . . . Time . | . . . . Parts Recycled . | . . . . Recycled Matter . | . . . . Retrieved Matter . | . . . . Retrieved Components . | . . . . Parts Scanalyzed . | . . . . Part Schematics Acquired . | . . . . Parts Damaged . | . . . . Bothacking | -11 -10 -10 -9 ------------ Run | Yrd Mat Min Mat Used RIF Installer . | . . . . Robots Hacked . | . . . . Non-combat . | . . . . Combat . | . . . . Robot Hacks Applied . | . . . . Relay Couplers Released . | . . . . Fabnet Peak Effective % . | . . . . Robots Rewired . | . . . . Allies Hacked . | . . . . Hacks Repelled . | . . . . Allies | -11 -10 -10 -9 -------- Run | Yrd Mat Min Mat Total Allies 1 | . . . 1 Largest Group 1 | . . . 1 Highest-Rated Group 10 | . . . 10 Highest-Rated Ally 10 | . . . 10 Total Orders . | . . . . Ally Attacks . | . . . . Total Damage . | . . . . Kills . | . . . . Allies Corrupted . | . . . . Allies Melted . | . . . . Intel | -11 -10 -10 -9 ------- Run | Yrd Mat Min Mat Robot Analysis Total . | . . . . Derelict Logs Recovered 1 | . . 1 . Drone Launches . | . . . . Drone Recoveries . | . . . . Exploration | -11 -10 -10 -9 ------------- Run | Yrd Mat Min Mat Turns Passed 212 | 9 50 18 135 Spaces Moved 351 | 18 97 36 200 Core 215 | 18 97 36 64 Treads . | . . . . Legs . | . . . . Wheels . | . . . . Hover . | . . . . Flight 136 | . . . 136 Fastest Speed 37 | 50 50 50 37 Average Speed 52 | 50 50 50 54 Slowest Speed 120 | 50 50 50 120 Overloaded Moves . | . . . . Propulsion Burnouts . | . . . . Robots Hopped . | . . . . Cave-ins Triggered . | . . . . Exploration Rate (%) 12 | 2 21 15 12 Regions Visited 3 Branch Regions 1 Pre-discovered Areas 1 | . . 1 . Known Exits Taken . | . . . . Unknown Exits Taken 3 | 1 1 1 . Scrap Searched . | . . . . Spaces Dug . | . . . . Terrain Destroyed 9 | . . . 9 Melee . | . . . . Projectile . | . . . . AOE 9 | . . . 9 Terrain Rammed . | . . . . Walls Destroyed . | . . . . Machines Disabled . | . . . . Actions | -11 -10 -10 -9 --------- Run | Yrd Mat Min Mat Total 366 | 17 97 35 217 Wait 4 | . . . 4 Move 348 | 17 96 35 200 Hop . | . . . . Pick Up 1 | . . . 1 Fast Attach 9 | . 1 . 8 Attach . | . . . . Detach . | . . . . Swap . | . . . . Drop . | . . . . Fire 4 | . . . 4 Melee . | . . . . Ram . | . . . . Kick . | . . . . Crush . | . . . . Escape Stasis . | . . . . Rewire . | . . . . Trap . | . . . . Miscellaneous . | . . . . Route ------- -11/Scrapyard -10/Materials -10/Mines -9/Materials History --------- Turn | Location | Event 3 | -11/Scrapyard | Discovered new exit (range 14) 10 | -11/Scrapyard | Entered Materials 36 | -10/Materials | Discovered new exit (range 8) 60 | -10/Materials | Entered Mines 69 | -10/Mines | Learned location of Zion (-7) 75 | -10/Mines | Discovered new exit (range 6) 78 | -10/Mines | Entered Materials 78 | -9/Materials | Evolved 2 slots: Utility x2 213 | -9/Materials | Self-destructed Last Messages --------------- 00179_ Acquired 7 matter. 00183_ U-05 Engineer lays Concrete. 00189_ U-05 Engineer builds a Wall. 00191_ Acquired Flight Unit. 00194_ U-05 Engineer lays Concrete. 00196_ U-05 Engineer builds a Wall. 00196_ Acquired 7 matter. 00198_ K-01 Serf collects debris. 00201_ U-05 Engineer lays Concrete. 00201_ K-01 Serf collects debris. 00202_ U-05 Engineer lays Concrete. 00204_ K-01 Serf collects debris. 00206_ U-05 Engineer lays Concrete. 00208_ K-01 Serf collects debris. 00210_ U-05 Engineer lays Concrete. 00211_ Acquired Prototype Energy Gun. 00211_ Identified Imp. Medium Laser. 00211_ U-05 Engineer lays Concrete. 00212_ K-01 Serf collects debris. 00212_ U-05 Engineer lays Concrete. Map ----- +----------------------------------------------------+ | | | | | | | | | | | | | | | | | | | | | ?????????????????????????????????????????????????? | | ?????????????????????????????????????????????????? | | ?????????????????????????????????????????????????? | | ?????????????????????????????????????????????????? | | ?????????????????????????????????????????????????? | | ????????????????????######################## #???? | | ????????????????????# ^ ! ^ ????? | | ????????????????????#^ #??????????? | | ????????????????????# " """"" ""#??????????? | | ????????????????????# ^ "" " " T"#??????????? | | ????????????????????# ^ ^"" [ ""#??????????? | | ???????????????????## * ###????????? | | ???????????##+###### [ [ * #????????? | | ???? [[] +????????? | | ???????????#######+# u] * #????????? | | ????????????# [ o@[]] * #????????? | | ????????????# #" "###########??????### | | ????????????# """k #"R"#????????#####?? | | ????????????# """ #"""########## #??"" | | ????????????# """ # ##### # #? """ | | ????????????######### #???# # #? S" | | ????????????????????# #???# # # | | ????????????????????# #???# # # | | ????????????????????# #???# + + ]! | | ????????????????????# #???# # # ] | | ????????????????????# #???# # # | | ????????????????????# #???# # #?""" | | ????????????????????# #???# # #?""" | | ????????????????????# ##########+### #??"" | | ????????????????????# #?? | | ????????????????????# #???#?? | | ??????????????# #?????? | | ??????????????# ###########/###########+##?????? | | ??????????????#??????????????? ?????????????????? | | ???????????????????????????????"" ???????????????? | | ????????????????????????????????" ???????????????? | | ?????????????????????????????????????????????????? | | ?????????????????????????????????????????????????? | | ?????????????????????????????????????????????????? | | ?????????????????????????????????????????????????? | +----------------------------------------------------+ Best States ------------- Heat Dissipation 28 Energy Generation 10 Energy Capacity 125 Matter Stores 100 Matter Capacity 300 Sight Range 16 Terrain Scan Density 10 Evasion (%) 62 Targeting Accuracy 10 Item Schematics ----------------- None Robot Schematics ------------------ None Fabricated ------------ Nothing Alien Tech Used ----------------- None Achievements -------------- None Challenges ------------ None Game ------ Seed SchematicArcMount Manual? 0 Play Time 00:05:40 Cumulative 29.7 hours Start 2024.04.15 @ 00:51:33 End 2024.04.15 @ 17:06:11 Sessions 3 Manual Loads 0 Difficulty Rogue Special Mode None Game No. 62 Rogue 57 Adventurer 5 Explorer 0 Win Type - Total 0 Types 0/0/0/0/0/0/0/0/0 Lore% 11 Gallery% 40 Achievement% 29 Wizard Run 0 Options --------- Layout 0 ASCII 0 Keyboard 0 Movement Mouse Keybinds 0 Fullscreen 2 Font 24/Smallcaps Map View 38x25 Zoom Use 1% Tactical HUD 1 Map Filters NONE Filters NONE Steam 1 RUN: 4e43393c-a1f9-4f12-8127-a9d36c2dddcf